 Dungeon Crawl Stone Soup version 0.28-a0-1510-gd0f6b136d3 (webtiles) character file.

Game seed: 957231434716893154

1334 Lekart the Slasher (level 8, 68/68 HPs)
             Began as a Grey Draconian Abyssal Knight on Jan 15, 2022.
             Was a Believer of Lugonu.
             Tarried too long and was consumed by Zot
             ... in the Ecumenical Temple.
             The game lasted 00:10:24 (12205 turns).

Lekart the Slasher (Grey Draconian Abyssal Knight) Turns: 12205, Time: 00:10:25

Health: 68/68      AC: 11    Str: 16    XL:     8   Next: 34%
Magic:  11/11      EV: 13    Int: 10    God:    Lugonu [**....]
Gold:   297        SH:  4    Dex: 14    Spells: 7/7 levels left

rFire   . . .      SeeInvis .   a - +1 falchion
rCold   . . .      Faith    .   c - +0 buckler
rNeg    . . .      Spirit   .   (armour unavailable)
rPois   .          Reflect  .   (helmet restricted)
rElec   .          Harm     .   (no cloak)
rCorr   .          Rampage  .   (no gloves)
Will    .....                   (no boots)
Stlth   +.........              (no amulet)
HPRegen 0.21/turn               (no ring)
MPRegen 0.12/turn               (no ring)

@: bezotted
A: AC +11, amphibious, unfitting armour, cold-blooded
a: Renounce Religion, Depart the Abyss, Bend Space


You were in the Ecumenical Temple.
You worshipped Lugonu.
Lugonu was pleased with you.
You visited 2 branches of the dungeon, and saw 6 of its levels.
You visited the Abyss 1 time.

You collected 297 gold pieces.

Inventory:

Hand Weapons
 a - a +1 falchion (weapon)
Missiles
 b - 147 arrows
 h - 6 datura-tipped darts
Armour
 c - a +0 buckler (worn)
Jewellery
 f - a ring of protection from cold
 g - a +6 ring of intelligence
Wands
 n - a wand of digging (7)
 q - a wand of flame (4)
Scrolls
 e - a scroll of fog
 i - a scroll of magic mapping
 k - a scroll of fear
 o - a scroll of enchant armour {unknown}
 r - 2 scrolls of enchant weapon {unknown}
 s - a scroll of identify
 u - a scroll of teleportation {unknown}
Potions
 d - 3 potions of curing
 j - a potion of heal wounds
 l - a potion of attraction {unknown}
 m - a potion of cancellation {unknown}
 p - 2 potions of ambrosia {unknown}
 t - a potion of brilliance {unknown}


   Skills:
 + Level 5.3 Fighting
 + Level 6.7 Long Blades
 + Level 4.3 Dodging
 + Level 2.2 Shields
 * Level 5.3 Invocations
 + Level 1.2 Evocations


You had 7 spell levels left.
You didn't know any spells.
Your spell library contained the following spells:

 Spells                   Type           Power      Damage    Failure   Level
 Malign Gateway           Summ/Tloc      0%         N/A       100%        7
 Summon Horrible Things   Summ           0%         N/A       100%        8


Dungeon Overview and Level Annotations

Branches:
Dungeon (5/15)             Temple (1/1) D:5

Altars:
Ashenzari
Cheibriados
Elyvilon
Fedhas
Gozag
Hepliaklqana
Makhleb
Okawaru
Qazlal
Trog
Wu Jian
Xom
Zin

Shops:
D:2 (   D:3 [


Innate Abilities, Weirdness & Mutations

Your dull iron-grey scales are very hard. (AC +11)
You are amphibious.
You cannot fit into any form of body armour.
You are cold-blooded and may be slowed by cold attacks.


Message History

You start waiting.
Done waiting.
You start waiting.
Done waiting.
You start waiting.
Done waiting.
You start waiting.
Done waiting.
You start waiting.
Done waiting.
You start waiting.
You start waiting.
You start waiting.
You start waiting.
You have lingered too long.
Zot senses you.
Dive deeper or flee this branch before you perish!
You start waiting.
Done waiting.
You start waiting.
Done waiting.
You start waiting.
Done waiting.
You start waiting.
Done waiting.
You start waiting.
Done waiting.
Zot draws nearer.
Dive deeper or flee this branch before you perish!
You start waiting.
Done waiting.
Unknown command.
You start waiting.
Done waiting.
Unknown command.
You start waiting.
Done waiting.
Unknown command.
You start waiting.
Done waiting.
Zot has nearly found you.
Death is approaching.
Descend or flee this branch!
Zot has found you!
You die...

......# #...... ......## ##......
.._....## ##...._.. ........###
###........ ..........####
####..........
......_......#######.............
.................................
##........_..........._........##
###............@............###
####...................####
#####...........#####
#############


There were no monsters in sight!

Vanquished Creatures
  Eustachio (D:5)
  2 sky beasts (D:5)
  2 black bears
  3 ogres
  A phantom (D:5)
  A kobold brigand (D:3)
  A scorpion (D:5)
  2 hounds
  A bullfrog zombie (D:5)
  A jelly (D:5)
  A bullfrog skeleton (D:2)
  2 iguanas (D:5)
  A hound skeleton (D:5)
  7 adders
  An ufetubus (D:4)
  An adder zombie (D:5)
  An adder skeleton (D:4)
  A worm (D:2)
  3 dart slugs (D:1)
  2 orcs (D:5)
  8 bats
  4 endoplasms
  4 giant cockroaches
  12 goblins
  9 hobgoblins
  3 jackals
  3 quokkas
  4 ball pythons
  8 frilled lizards
  11 kobolds
  7 rats
  A toadstool (D:1)
109 creatures vanquished.

Vanquished Creatures (others)
  2 fungi (D:1)
  4 toadstools (D:1)
6 creatures vanquished.

Grand Total: 115 creatures vanquished

Notes
Turn   | Place    | Note
-------+----------+-------------------------------------------
     0 | Abyss:1  | Lekart the Draconian Abyssal Knight began the quest for the
                  | Orb.
     0 | Abyss:1  | Reached XP level 1. HP: 19/19 MP: 2/2
    25 | D:1      | Escaped the Abyss
   350 | D:1      | Reached XP level 2. HP: 25/26 MP: 3/3
   765 | D:1      | Reached ** piety under Lugonu
   786 | D:1      | Reached XP level 3. HP: 32/33 MP: 4/4
  1279 | D:2      | Reached skill level 3 in Long Blades
  1279 | D:2      | Reached XP level 4. HP: 25/40 MP: 4/6
  1674 | D:2      | Found Fazaoh's Weapon Shop.
  1940 | D:3      | Found Uraucvoe's Armour Shop.
  2436 | D:3      | Found an iron altar of Okawaru.
  2730 | D:3      | Noticed a kobold brigand
  2749 | D:3      | Killed a kobold brigand
  2750 | D:3      | Reached XP level 5. HP: 21/46 MP: 7/7
  3096 | D:4      | Reached skill level 4 in Long Blades
  3132 | D:4      | Noticed a black bear
  3141 | D:4      | Killed a black bear
  3142 | D:4      | Reached XP level 6. HP: 33/52 MP: 8/8
  3434 | D:4      | Found a broken altar of Ashenzari.
  3454 | D:4      | Found a bloodstained altar of Trog.
  3763 | D:4      | Reached *** piety under Lugonu
  3818 | D:4      | Reached skill level 5 in Long Blades
  4272 | D:5      | Entered Level 5 of the Dungeon
  4289 | D:5      | Reached skill level 1 in Shields
  4289 | D:5      | Your scales start taking on a dull iron-grey colour.
  4289 | D:5      | Reached XP level 7. HP: 29/60 MP: 8/10
  4792 | D:5      | Noticed Eustachio
  4863 | D:5      | Killed Eustachio
  4864 | D:5      | Reached skill level 6 in Long Blades
  5032 | D:5      | Reached skill level 1 in Evocations
  5206 | D:5      | Reached skill level 5 in Fighting
  5206 | D:5      | Reached XP level 8. HP: 28/68 MP: 11/11
  5497 | D:5      | Reached skill level 5 in Invocations
  5604 | D:5      | Found a staircase to the Ecumenical Temple.
  6204 | Temple   | Entered the Ecumenical Temple
 11205 | Temple   | Glimpsed the power of Zot.
 11705 | Temple   | Glimpsed the power of Zot.
 12105 | Temple   | Glimpsed the power of Zot.
 12204 | Temple   | Glimpsed the power of Zot.
 12205 | Temple   | Tarried too long and was consumed by Zot

Illustrated notes

Levels and vault maps discovered:
D:1:      minmay_arrival_arboretum_small, layout_basic, hangedman_glass_teeth,
          minmay_gold_behind_fungi, st_stairs_4, minmay_misc_feat_five
D:2:      layout_loops_ring, serial_shops, nicolae_shop_behind_doors,
          minmay_tiny_reverse_x
D:3:      cheibrodos_thug_alley, layout_loops_ring, okawaru_trees_2,
          serial_shops, shop, minmay_misc_feat_nine_boxes
D:4:      layout_gridville, mainiacjoe_overflow_catch_the_wave,
          minmay_ogre_servants
D:5:      layout_loops_cross, temple_statues, grunt_tough_drop, uniq_eustachio
Temple:   compressed_dpeg_circular_temple

Skill      XL: |  1  2  3  4  5  6  7  8 |
---------------+-------------------------+-----
Fighting       | 4 5 |  5.3
Long Blades    | 3 4 5 6 |  6.7
Invocations    | 3 4 5 |  5.3
Dodging        | 3 4 |  4.3
Shields        | 1 2 |  2.2
Evocations     | 1 |  1.2

Action                   |  1- 3 |  4- 6 |  7- 9 || total
-------------------------+-------+-------+-------++-------
Melee: Falchion          |   109 |   183 |   174 ||   466
       Tailslap          |    14 |    30 |    27 ||    71
Evoke: Wand              |       |       |    14 ||    14
  Use: Scroll            |     4 |     1 |       ||     5
       Potion            |     2 |       |       ||     2
 Stab: Sleeping          |       |     1 |     1 ||     2
Armor: Skin              |    23 |    69 |    72 ||   164
Dodge: Dodged            |    57 |   106 |   124 ||   287
Block: Buckler           |     9 |    34 |    40 ||    83

Table legend: (Time is in decaauts)
 A = Elapsed time spent in this place.
 B = Non-inter-level travel time spent in this place.
 C = Inter-level travel time spent in this place.
 D = Time resting spent in this place.
 E = Time spent auto-exploring this place.
 F = Levels seen in this place.
 G = Mean time per level.
                   A        B        C        D        E       F      G
               +--------+--------+--------+--------+--------+-----+--------+
         Total |  12272 |  12005 |    267 |   7045 |   3781 |   7 | 1753.1 |
       Dungeon |   6248 |   6000 |    248 |   1266 |   3671 |   5 | 1249.6 |
        Temple |   5999 |   5980 |     19 |   5779 |     92 |   1 | 5999.0 |
         Abyss |     25 |     25 |      0 |      0 |     18 |   1 |   25.0 |
               +--------+--------+--------+--------+--------+-----+--------+

Top non-repeatable levels by time:
  Temple: 5999 daAuts
     D:5: 1941 daAuts
     D:4: 1248 daAuts
     D:3: 1113 daAuts
     D:1: 988 daAuts
     D:2: 955 daAuts
 Abyss:1: 25 daAuts
